 Dungeon Crawl Stone Soup version 0.29.1-13-g9f3cf754e1 (webtiles) character file.

Game seed: 5212929852413594226

362 shadowmeld the Magician (level 6, 0/45 HPs)
             Began as a Djinni Transmuter on Feb 1, 2023.
             Slain by an orc
             ... wielding a +2 vorpal mace
              (1 damage)
             ... on level 5 of the Dungeon.
             The game lasted 00:18:32 (5465 turns).

shadowmeld the Magician (Djinni Transmuter)         Turns: 5465, Time: 00:18:33

Health: 0/45       AC:  2    Str:  9    XL:     6   Next: 99%
Gold:   211        EV: 20    Int: 17    God:
                   SH:  0    Dex: 18

rFire   + . .      SeeInvis .     - Unarmed
rCold   . . .      Faith    .   (shield currently unavailable)
rNeg    . . .      Spirit   .   (body armour currently unavailable)
rPois   ∞          Reflect  .   (helmet currently unavailable)
rElec   .          Harm     .   (cloak currently unavailable)
rCorr   .          Rampage  .   (gloves currently unavailable)
Will    .....                   (boots unavailable)
Stlth   ++........              (no amulet)
HPRegen 0.15/turn               g - ring of protection from fire
MPRegen 0.00/turn               (no ring)

@: spider-form (expiring), flying
A: venomous fangs, flying, sickness immunity, tiny, (fire resistance 2), (cold
vulnerability 1), float, innate caster, HP casting, extra vitality 1
a: End Transformation


You were on level 5 of the Dungeon.
You were a venomous arachnid creature.
You visited 1 branch of the dungeon, and saw 5 of its levels.

You collected 211 gold pieces.

Inventory:

Armour
 a - a +0 robe (melded)
 e - a +0 cloak (melded)
 j - a +0 helmet (melded)
Jewellery
 g - a ring of protection from fire (left front leg)
Wands
 l - a wand of roots (9)
Scrolls
 d - a scroll of enchant armour
 f - 2 scrolls of amnesia {unknown}
 h - a scroll of noise
 i - 2 scrolls of magic mapping
 k - a scroll of torment
 m - a scroll of summoning {unknown}
 n - a scroll of blinking {unknown}
 q - a scroll of enchant weapon {unknown}
Potions
 b - 2 potions of degeneration {unknown}
 c - a potion of haste {unknown}
 o - 2 potions of mutation {unknown}


   Skills:
 * Level 2.4 Fighting
 * Level 3.1 Dodging
 + Level 3.5 Unarmed Combat
 * Level 4.4 Spellcasting


You couldn't memorise any spells.
You knew the following spells:

 Your Spells              Type           Power      Damage    Failure   Level
a - Beastly Appendage     Tmut           36%        N/A       10%         1
b - Wereblood             Tmut           18%        N/A       12%         2
c - Spider Form           Tmut/Pois      18%        N/A       21%         3
d - Ice Form              Ice/Tmut       18%        N/A       45%         4
e - Necrotise             Necr           72%        1d7       10%         1
f - Ensorcelled Hibernat  Hex/Ice        36%        N/A       12%         2
Your spell library was empty.

Dungeon Overview and Level Annotations

Branches:
Dungeon (5/15)             Temple (0/1) D:4

Altars:


Innate Abilities, Weirdness & Mutations

You are a venomous arachnid creature.
You have poisonous fangs.
You are tiny and dextrous.
You are flying.
Your spellcasting is less reliable in this form.
Your armour is entirely melded.
You are incapable of wielding weapons or throwing items.
You are immune to sickness and miasma.
You are immune to poison.
((Your flesh is very heat resistant. (rF++)))
((You are vulnerable to cold. (rC-)))
You float through the air rather than walking.
You learn spells naturally, not from books.
Your magical power is your life essence.
You have superior vitality. (+4 MHP)


Message History

Press: ? - help, Shift-Dir - straight line, f - orc, p - orc
Aim: an orc, wielding a +0 short sword and wearing a +0 leather armour (lightly wounded, ally target, chance to affect: 88%)
The orc barely resists.
The orc hits your orc skeleton with a +0 hand axe.
Your orc skeleton is destroyed!
Casting: Necrotise (safe; 2% risk of failure)
Confirm with . or Enter, or press ? or * to list all spells.
You turn into a venomous arachnid creature.
Your +0 cloak melds into your body.
Your +0 helmet melds into your body.
Your +0 robe melds into your body.
The orc completely misses you.
You bite the orc!
You kill the orc!
The orc hits you with a +2 vorpal mace!
You barely miss the orc.
The orc is moderately wounded.
You barely miss the orc.
The orc is moderately wounded.
The orc hits you with a +2 vorpal mace. The orc hits you but does no damage.
You hit the orc but do no damage.
The orc is moderately wounded.
The orc barely misses you. The orc hits you with a +0 club. The orc misses you.
The orc attacks as you move away! The orc completely misses you.
The orc hits you with a +0 club. The orc completely misses you.
The orc attacks as you move away! The orc hits you with a +0 hand axe.
* * * LOW HITPOINT WARNING * * *
The orc misses you.
You see here 4 stones.
The orc attacks as you move away! The orc completely misses you.
Your transformation is almost over.
The orc closely misses you. The orc completely misses you.
There is a stone staircase leading down here.
The hobgoblin misses you. The orc misses you. The orc closely misses you.
The orc hits you with a +0 club.
* * * LOW HITPOINT WARNING * * *
You fly downwards.
Found a war axe.
There is a stone staircase leading up here.
The hobgoblin completely misses you. The orc hits you with a +2 vorpal mace!
* * * LOW HITPOINT WARNING * * *
You die...

#####
##...# #
#....#.# .
#......#
....##g.o.#
......os#
.......o#
#####....
.).....
#####.#.#
.....
#.#.#. #.#
#.#


You could see 3 orcs and a hobgoblin.

Vanquished Creatures
  A howler monkey (D:3)
  Crazy Yiuf (D:3)
  Jessica (D:3)
  Terence (D:3)
  An orc wizard (D:3)
  Natasha (thrice) (D:3)
  A gnoll (D:1)
  5 adders
  2 worms (D:2)
  2 dart slugs
  9 orcs
  5 bats
  7 endoplasms
  3 giant cockroaches (D:1)
  5 goblins
  6 hobgoblins
  2 jackals (D:3)
  3 quokkas (D:1)
  6 ball pythons
  3 frilled lizards
  3 kobolds
  A rat (D:2)
71 creatures vanquished.

Vanquished Creatures (collateral kills)
  An endoplasm (D:1)
  A hobgoblin (D:3)
  A rat (D:2)
3 creatures vanquished.

Grand Total: 74 creatures vanquished

Notes
Turn   | Place    | Note
-------+----------+-------------------------------------------
     0 | D:1      | shadowmeld the Djinni Transmuter began the quest for the
                  | Orb.
     0 | D:1      | shadowmeld set off with the following spells memorised:
                  | Beastly Appendage, Wereblood, Spider Form, Ice Form.
     0 | D:1      | Reached XP level 1. HP: 17/17 MP: 0/0
   413 | D:1      | Reached XP level 2. HP: 17/22 MP: 0/0
   957 | D:1      | Reached XP level 3. HP: 25/27 MP: 0/0
   957 | D:1      | Learned a level 1 spell: Necrotise
   986 | D:1      | Found a faded altar of an unknown god.
  1060 | D:1      | Reached skill level 2 in Spellcasting
  2038 | D:2      | HP: 1/27 [worm (2)]
  2040 | D:2      | Reached XP level 4. HP: 2/32 MP: 0/0
  3194 | D:3      | Noticed Jessica
  3202 | D:3      | Killed Jessica
  3203 | D:3      | Reached skill level 3 in Spellcasting
  3203 | D:3      | Reached XP level 5. HP: 29/38 MP: 0/0
  3203 | D:3      | Learned a level 2 spell: Ensorcelled Hibernation
  3580 | D:3      | Noticed Natasha
  3587 | D:3      | Killed Natasha
  3699 | D:3      | Found a runed translucent door.
  3700 | D:3      | Noticed Crazy Yiuf
  3732 | D:3      | Noticed Terence
  3746 | D:3      | Killed Terence
  3941 | D:3      | Reached XP level 6. HP: 31/43 MP: 0/0
  3986 | D:3      | Noticed Natasha
  3992 | D:3      | Killed Natasha
  4154 | D:3      | Reached skill level 4 in Spellcasting
  4183 | D:3      | Noticed Natasha
  4189 | D:3      | Killed Natasha
  5106 | D:3      | Killed Crazy Yiuf
  5444 | D:4      | Found a staircase to the Ecumenical Temple.
  5464 | D:5      | Entered Level 5 of the Dungeon
  5465 | D:5      | HP: 1/45 [orc/+2 vorpal mace (8)]
  5465 | D:5      | Slain by an orc

Illustrated notes

Levels and vault maps discovered:
D:1:      matt_arrival_spirals, layout_basic, dreamdust_ecumenical_altar_grove
D:2:      layout_loops_ring, nicolae_wormholes
D:3:      layout_loops_ring, st_stairs_9, uniq_terence, uniq_natasha,
          uniq_jessica, uniq_crazy_yiuf_cottage
D:4:      layout_layer_cave, nicolae_qazlal_general_emergency,
          minmay_temple_entry_drinking_statues, serial_shops,
          nicolae_shop_trees, st_stairs_2, minmay_pentomino_pile,
          uniq_blork_the_orc
D:5:      layout_basic, uniq_eustachio, uniq_edmund, uniq_sigmund, uniq_ijyb

Skill      XL: |  1  2  3  4  5  6 |
---------------+-------------------+-----
Spellcasting   | 2 3 4 |  4.4
Dodging        | 3 |  3.1
Fighting       | 2 |  2.4
Unarmed Combat | |  3.5

Action                   |  1- 3 |  4- 6 || total
-------------------------+-------+-------++-------
Melee: Unarmed           |    55 |    41 ||    96
       Headbutt          |     9 |     7 ||    16
       Punch             |     3 |       ||     3
 Cast: Beastly Appendage |     9 |     5 ||    14
       Necrotise         |    59 |   121 ||   180
       Spider Form       |       |     2 ||     2
  Use: Potion            |     1 |       ||     1
       Scroll            |       |     6 ||     6
Armor: Robe              |     7 |    11 ||    18
       Skin              |     1 |     1 ||     2
Dodge: Dodged            |    40 |    49 ||    89
